 Dungeon Crawl Stone Soup version 0.29.1-15-g9cfb28693d (webtiles) character file.

Game seed: 11180672438408289578

70 Kranky the Basher (level 4, -3/32 HPs)
             Began as a Gnoll Wanderer on Apr 22, 2023.
             Killed from afar by an orc wizard (10 damage)
             ... with a puff of flame
             ... on level 3 of the Dungeon.
             The game lasted 00:06:37 (2079 turns).

Kranky the Basher (Gnoll Wanderer)                  Turns: 2079, Time: 00:06:41

Health: -3/32      AC:  5    Str: 15    XL:     4   Next: 21%
Magic:  6/8        EV: 12    Int: 10    God:
Gold:   69         SH:  0    Dex: 11    Spells: 8/9 levels left

rFire   . . .      SeeInvis .   a - +2 mace
rCold   . . .      Faith    .   (no shield)
rNeg    . . .      Spirit   .   d - +0 leather armour
rPois   .          Reflect  .   b - +0 helmet
rElec   .          Harm     .   (no cloak)
rCorr   .          Rampage  .   (no gloves)
Will    +....                   t - +0 pair of boots
Stlth   +.........              (no amulet)
HPRegen 0.10/turn               e - ring of willpower
MPRegen 0.11/turn               (no ring)

@: no status effects
A: fangs 1, strong nose, distributed training
a: no special abilities


You were on level 3 of the Dungeon.
You visited 1 branch of the dungeon, and saw 3 of its levels.

You collected 69 gold pieces.

Inventory:

Hand Weapons
 a - a +2 mace (weapon)
 l - a +1 dagger of holy wrath
Missiles
 r - 6 atropa-tipped darts
Armour
 b - a +0 helmet (worn)
 d - a +0 leather armour (worn)
 m - a +0 chain mail
 t - a +0 pair of boots (worn)
Jewellery
 e - a ring of willpower (left hand)
 j - a ring of willpower
 w - a ring of ice
 y - a ring of poison resistance
Scrolls
 f - a scroll of enchant armour {unknown}
 n - 2 scrolls of identify {unknown}
 o - a scroll of fog {unknown}
 p - a scroll of amnesia {unknown}
 s - a scroll of torment {unknown}
 v - 2 scrolls of teleportation {unknown}
 x - a scroll of blinking {unknown}
 z - a scroll of immolation {unknown}
Potions
 c - a potion of lignification
 g - 2 potions of flight {unknown}
 h - a potion of heal wounds {unknown}
 i - a potion of curing {unknown}
 k - a potion of haste {unknown}
 q - 2 potions of degeneration {unknown}
 u - a potion of attraction {unknown}


   Skills:
 + Level 1.1 Fighting
 + Level 1.1 Short Blades
 + Level 1.1 Long Blades
 + Level 1.1 Axes
 + Level 8.5 Maces & Flails
 + Level 1.1 Polearms
 + Level 1.1 Staves
 + Level 1.1 Ranged Weapons
 + Level 1.1 Throwing
 + Level 1.1 Armour
 + Level 2.7 Dodging
 + Level 1.1 Stealth
 + Level 1.1 Shields
 + Level 1.1 Unarmed Combat
 + Level 3.0 Spellcasting
 + Level 0.8 Conjurations
 + Level 0.8 Hexes
 + Level 0.8 Summonings
 + Level 0.8 Necromancy
 + Level 0.8 Translocations
 + Level 0.8 Transmutations
 + Level 7.1 Fire Magic
 + Level 0.8 Ice Magic
 + Level 0.8 Air Magic
 + Level 0.8 Earth Magic
 + Level 0.8 Poison Magic
 + Level 1.2 Invocations
 + Level 1.1 Evocations


You had 8 spell levels left.
You knew the following spells:

 Your Spells              Type           Power      Damage    Failure   Level
a - Foxfire               Conj/Fire      36%        2x1d5     7%          1

Your spell library contained the following spells:

 Spells                   Type           Power      Damage    Failure   Level
 Conjure Flame            Conj/Fire      9%         6-21      21%         3
 Magic Dart               Conj           12%        1d3       24%         1
 Necrotise                Necr           12%        1d4       24%         1
 Searing Ray              Conj           6%         2d4       36%         2
 Fulminant Prism          Conj/Hex       1%         3d6       94%         4


Dungeon Overview and Level Annotations

Branches:
Dungeon (3/15)

Altars:
Ru


Innate Abilities, Weirdness & Mutations

You have very sharp teeth.
Your uncanny sense of smell can sniff out nearby items.
Your experience applies equally to all skills.


Message History

You hit the orc.
You kill the orc!
Things that are here:
a +0 mace; an orc corpse You barely miss something.
Something hits you but does no damage.
You hit something. Something hits you but does no damage.
You barely miss something. Your bite misses something.
Something hits you but does no damage.
You closely miss something. Something hits you but does no damage.
You closely miss something. Something completely misses you.
You hit something. Something hits you.
You miss something. Something hits you but does no damage.
You barely miss something. Something hits you but does no damage.
You barely miss something. Something hits you but does no damage.
You miss something. Something hits you but does no damage.
You completely miss something. Something hits you but does no damage.
You miss something. Something hits you.
You hit something but do no damage. Your bite misses something.
Something hits you.
You hit something. Your bite misses something.
You hear some strange, mumbled words.
A magic dart appears from out of thin air!
The magic dart hits you!
* * * LOW HITPOINT WARNING * * *
You miss something. Your bite misses something.
Something hits you but does no damage.
You barely miss something.
Casting: Foxfire (safe; 7% risk of failure)
Confirm with . or Enter, or press ? or * to list all spells.
You conjure some foxfire!
Something hits you but does no damage.
Your foxfire dissipates!
Things that are here:
a +0 short sword; an orc corpse
Casting: Foxfire (safe; 7% risk of failure)
Confirm with . or Enter, or press ? or * to list all spells.
You conjure some foxfire!
You hear some strange, mumbled words.
A puff of flame appears from out of thin air!
The puff of flame hits you!
You die...

## ♣P.♣♣
.♣♣♣.P♣
#.♣♣~♣♣
#.♣~.♣
#....#
#.#### #.#
#v######.#
#v@{o.o..#
##########


You could see 2 orcs.

Vanquished Creatures
  2 adders
  A dart slug (D:3)
  2 orcs (D:3)
  6 ball pythons
  6 endoplasms
  5 goblins
  2 hobgoblins
  4 jackals (D:2)
  A quokka (D:2)
  4 bats
  2 frilled lizards (D:2)
  6 kobolds
  4 rats
45 creatures vanquished.

Vanquished Creatures (others)
  40 foxfires
  3 fungi (D:2)
  A plant (D:2)
44 creatures vanquished.

Grand Total: 89 creatures vanquished

Notes
Turn   | Place    | Note
-------+----------+-------------------------------------------
     0 | D:1      | Kranky the Gnoll Wanderer began the quest for the Orb.
     0 | D:1      | Kranky set off with the following items: a +2 mace, a +0
                  | helmet, a potion of lignification, a +0 leather armour; and
                  | the following spell memorised: Foxfire; and the following
                  | spells available to memorise: Conjure Flame.
     0 | D:1      | Reached XP level 1. HP: 13/13 MP: 4/4
   304 | D:1      | Reached XP level 2. HP: 17/19 MP: 5/5
   966 | D:2      | Reached XP level 3. HP: 25/25 MP: 7/7
  1100 | D:2      | Found a faded altar of an unknown god.
  1113 | D:2      | Reached skill level 1 in Invocations
  1130 | D:2      | Reached skill level 1 in Fighting
  1130 | D:2      | Reached skill level 1 in Short Blades
  1130 | D:2      | Reached skill level 1 in Long Blades
  1130 | D:2      | Reached skill level 1 in Axes
  1130 | D:2      | Reached skill level 1 in Polearms
  1130 | D:2      | Reached skill level 1 in Staves
  1130 | D:2      | Reached skill level 1 in Ranged Weapons
  1130 | D:2      | Reached skill level 1 in Throwing
  1130 | D:2      | Reached skill level 1 in Armour
  1130 | D:2      | Reached skill level 1 in Stealth
  1130 | D:2      | Reached skill level 1 in Shields
  1130 | D:2      | Reached skill level 1 in Unarmed Combat
  1130 | D:2      | Reached skill level 1 in Evocations
  1156 | D:2      | Got Plato's Treatise on Gloom
  1541 | D:2      | Reached XP level 4. HP: 32/32 MP: 6/8
  1920 | D:3      | Found a sacrificial altar of Ru.
  2079 | D:3      | Killed from afar by an orc wizard

Illustrated notes

Levels and vault maps discovered:
D:1:      nzn_arrival_water_spiral, layout_rooms
D:2:      layout_loops_ring, shapermc_ecumenical_altar_rom_forum,
          chequers_serial_rivers_micro_a, minmay_bisected
D:3:      layout_basic, mainiacjoe_overflow_chevrons, serial_bayou_crossing,
          uniq_robin

Skill      XL: |  1  2  3  4 |
---------------+-------------+-----
Invocations    | 1 |  1.2
Fighting       | 1 |  1.1
Short Blades   | 1 |  1.1
Long Blades    | 1 |  1.1
Axes           | 1 |  1.1
Polearms       | 1 |  1.1
Staves         | 1 |  1.1
Ranged Weapons | 1 |  1.1
Throwing       | 1 |  1.1
Armour         | 1 |  1.1
Stealth        | 1 |  1.1
Shields        | 1 |  1.1
Unarmed Combat | 1 |  1.1
Evocations     | 1 |  1.1
Spellcasting   | 3 |  3.0
Maces & Flails | |  8.5
Dodging        | |  2.7
Conjurations   | |  0.8
Hexes          | |  0.8
Summonings     | |  0.8
Necromancy     | |  0.8
Translocations | |  0.8
Transmutations | |  0.8
Fire Magic     | |  7.1
Ice Magic      | |  0.8
Air Magic      | |  0.8
Earth Magic    | |  0.8
Poison Magic   | |  0.8

Action                   |  1- 3 |  4- 6 || total
-------------------------+-------+-------++-------
Melee: Mace              |    64 |    31 ||    95
       Bite              |     5 |     1 ||     6
       Punch             |     1 |       ||     1
 Cast: Foxfire           |    25 |     6 ||    31
 Stab: Held in net/web   |     1 |       ||     1
       Sleeping          |       |     1 ||     1
Armor: Leather armour    |    37 |    14 ||    51
Dodge: Dodged            |    65 |     6 ||    71
